[Event "Titled Tuesday Blitz May 11 2021"]
[White "Debashis, Das"]
[Black "Nitin, S."]
[WhiteFideId "5024854"]
[BlackFideId "5018277"]
[WhiteElo "2470"]
[BlackElo "2431"]
[Result "1/2-1/2"]
[Round "02"]
[TimeControl "180+1"]
[Date "2021.05.11"]
[WhiteClock "0:00:13"]
[BlackClock "0:00:15"]

1. e4 c5 2. Nf3 d6 3. d4 cxd4 4. Nxd4 Nf6 5. Nc3 e6 6. Be2 Be7 7. O-O O-O 8. Be3 Nc6 9. f4 Bd7 10. Kh1 Qb8 11. a4 Nxd4 12. Qxd4 e5 13. Qd3 Bc6 14. fxe5 dxe5 15. Bg5 Qd8 16. Qc4 Rc8 17. Rad1 Nd7 18. Bxe7 Qxe7 19. Bg4 Rcd8 20. Bxd7 Rxd7 21. Rxd7 Qxd7 22. Rd1 Qg4 23. b4 h5 24. b5 Bd7 25. h3 Qe6 26. Qxe6 Bxe6 27. Nd5 Kh7 28. Nc7 Bc8 29. Rd5 f5 30. Rxe5 fxe4 31. Rxe4 Rf1+ 32. Kh2 Bf5 33. Re2 Ra1 34. Nd5 Rxa4 35. Re7 Ra2 36. Ne3 Bxc2 37. Nxc2 Rxc2 38. Rxb7 Rb2 39. Rxa7 Rxb5 1/2-1/2


[Site "https://www.chess.com"]

[Event "Titled Tuesday Blitz May 11 2021"]
[White "Demchenko, Anton"]
[Black "Potapova, Margarita"]
[WhiteFideId "4160258"]
[BlackFideId "14126869"]
[WhiteElo "2593"]
[BlackElo "2229"]
[Result "1/2-1/2"]
[Round "02"]
[TimeControl "180+1"]
[Date "2021.05.11"]
[WhiteClock "0:00:10"]
[BlackClock "0:00:06"]

1. e4 c5 2. Nf3 d6 3. Bb5+ Nd7 4. d4 cxd4 5. Qxd4 a6 6. Be2 Ngf6 7. O-O g6 8. Rd1 Bg7 9. Nc3 O-O 10. e5 Ne8 11. Qh4 Nxe5 12. Nxe5 Bxe5 13. Nd5 Nf6 14. f4 Nxd5 15. fxe5 Qb6+ 16. Kh1 Ne3 17. Qf2 Nc4 18. Qxb6 Nxb6 19. exd6 exd6 20. Rxd6 Re8 21. Bh6 Bf5 22. Bf1 Na4 23. b3 Nc5 24. c4 Ne4 25. Rd4 Rad8 26. Rxd8 Rxd8 27. Re1 g5 28. h4 f6 29. Kg1 Kf7 30. g4 Bg6 31. Bg2 Rd4 32. a4 a5 33. h5 Nc3 34. Re3 Bd3 35. Kh2 Ne4 36. Bf3 Bc2 37. Kg1 f5 38. gxf5 Kf6 39. Bf8 Kxf5 40. h6 Kf4 41. Bxe4 Bxe4 42. Re1 Rd2 43. Bg7 Bf3 44. Be5+ Kg4 45. Re3 Rd1+ 46. Kf2 Rd2+ 47. Ke1 Rd1+ 48. Kf2 Rd2+ 49. Kf1 Rd1+ 50. Kf2 1/2-1/2


[Site "https://www.chess.com"]

[Event "Titled Tuesday Blitz May 11 2021"]
[White "Dubov, Daniil"]
[Black "Valdes Romero, Leonardo"]
[WhiteFideId "24126055"]
[BlackFideId "6500331"]
[WhiteElo "2722"]
[BlackElo "2497"]
[Result "1-0"]
[Round "02"]
[TimeControl "180+1"]
[Date "2021.05.11"]
[WhiteClock "0:00:58"]
[BlackClock "0:00:47"]

1. d4 Nf6 2. c4 c5 3. d5 d6 4. Nc3 g6 5. Nf3 Bg7 6. Bg5 O-O 7. e3 Na6 8. Be2 Nc7 9. O-O h6 10. Bh4 e6 11. Nd2 exd5 12. cxd5 g5 13. Bg3 Nfxd5 14. Nxd5 Nxd5 15. Nc4 Be6 16. Bxd6 Bxb2 17. Nxb2 Qxd6 18. e4 Qe5 19. exd5 Bxd5 20. Nc4 Qe6 21. Ne3 Bc6 22. Re1 Rad8 23. Qc2 b6 24. Bg4 Qf6 25. Rad1 Rd4 26. Rxd4 cxd4 27. Nf5 Ba8 28. Qd3 Rd8 29. Bf3 Bxf3 30. gxf3 a5 31. Re4 h5 32. Rxd4 Rxd4 33. Nxd4 Qd6 34. Qe3 Qd5 35. a4 Kg7 36. Qc3 f6 37. Kg2 h4 38. h3 Qe5 39. Qc4 Qf4 40. Ne6+ 1-0


[Site "https://www.chess.com"]

[Event "Titled Tuesday Blitz May 11 2021"]
[White "Erden, Kadir"]
[Black "Holt, Conrad"]
[WhiteFideId "6305776"]
[BlackFideId "2034387"]
[WhiteElo "2218"]
[BlackElo "2586"]
[Result "0-1"]
[Round "02"]
[TimeControl "180+1"]
[Date "2021.05.11"]
[WhiteClock "0:00:07"]
[BlackClock "0:00:07"]

1. d4 d5 2. Bf4 c5 3. e3 Nc6 4. c3 Nf6 5. Nd2 Bf5 6. Qb3 Na5 7. Qa4+ Bd7 8. Qc2 cxd4 9. exd4 g6 10. Ngf3 Bg7 11. Bd3 O-O 12. Ne5 Nc6 13. Nxc6 bxc6 14. Be5 Bh6 15. h3 Nh5 16. O-O Nf4 17. Bxf4 Bxf4 18. Nf3 Qc8 19. Rfe1 Re8 20. b4 Bxh3 21. gxh3 Qxh3 22. Qd1 Qg4+ 23. Kf1 e5 24. dxe5 Qh3+ 25. Kg1 Qg4+ 26. Kf1 a5 27. b5 c5 28. a4 c4 29. Bc2 Qh3+ 30. Kg1 g5 31. Bxh7+ Kxh7 32. Qxd5 Qg4+ 33. Kf1 Kg7 34. Ke2 Rad8 35. Qe4 f5 36. Qb7+ Kf8 37. Rh1 Rxe5+ 38. Kf1 Re7 39. Rh8+ Kg7 40. Rh7+ Kxh7 41. Qxe7+ Kg6 42. Qxd8 Qxf3 43. Qe8+ Kh6 44. Qh8+ Kg6 45. Qg8+ Kf6 46. Qh8+ Kf7 47. Qh7+ Kf6 48. Qh8+ Kg6 49. Qg8+ Kh5 50. Qh7+ Kg4 51. Qh2 Bxh2 0-1


[Site "https://www.chess.com"]

[Event "Titled Tuesday Blitz May 11 2021"]
[White "Fier, Alexandr"]
[Black "Blomqvist, Erik"]
[WhiteFideId "2107139"]
[BlackFideId "1709437"]
[WhiteElo "2569"]
[BlackElo "2460"]
[Result "1-0"]
[Round "02"]
[TimeControl "180+1"]
[Date "2021.05.11"]
[WhiteClock "0:01:45"]
[BlackClock "0:00:01"]

1. d4 Nf6 2. Bg5 d5 3. Bxf6 gxf6 4. c4 c5 5. cxd5 Qxd5 6. Nf3 cxd4 7. Nc3 Qa5 8. Qxd4 Nc6 9. Qh4 Rg8 10. Qxh7 Rg6 11. g3 Qb4 12. O-O-O Bg4 13. Nh4 Rg5 14. h3 Be6 15. Qe4 Qa5 16. Bg2 Rc8 17. Kb1 Rc5 18. Nd5 Rxd5 19. Rxd5 1-0


[Site "https://www.chess.com"]

[Event "Titled Tuesday Blitz May 11 2021"]
[White "Gokerkan, Cem Kaan"]
[Black "Klenburg, Michael"]
[WhiteFideId "6336760"]
[BlackFideId "14102072"]
[WhiteElo "2361"]
[BlackElo "2359"]
[Result "0-1"]
[Round "02"]
[TimeControl "180+1"]
[Date "2021.05.11"]
[WhiteClock "0:00:14"]
[BlackClock "0:00:11"]

1. e4 d6 2. d4 Nf6 3. Nc3 g6 4. Be3 c6 5. Qd2 Nbd7 6. O-O-O b5 7. f3 Qa5 8. Kb1 Bg7 9. g4 Nb6 10. Bh6 Bxh6 11. Qxh6 Rb8 12. e5 Nfd5 13. Nxd5 Nxd5 14. exd6 exd6 15. Qg7 Rf8 16. Nh3 Ne3 17. Bd3 Nxd1 18. Rxd1 Be6 19. b3 Qd8 20. Re1 Kd7 21. Nf4 Qe7 22. d5 cxd5 23. Nxd5 Qh4 24. Nf6+ Kc6 25. Rxe6 fxe6 26. Qd7+ Kc5 27. Qxa7+ Kc6 28. Qd7+ Kc5 29. Ne4+ Kd4 30. Qxd6+ Ke3 31. Ng3 Qf6 32. Qc5+ Kxf3 33. Qg1 Kf4 34. Ne4 Qh4 35. Qc1+ Ke5 36. Qe3 Qxh2 37. Qc5+ Kf4 38. Qd6+ e5 39. Nc5 Qg1+ 40. Kb2 Qd4+ 41. Qxd4+ exd4 42. Ne6+ Kxg4 43. Nxf8 Rxf8 44. Bxb5 h5 45. Bd3 g5 46. Be2+ Kh4 47. a4 g4 48. b4 g3 49. Bf1 Rxf1 0-1


[Site "https://www.chess.com"]

[Event "Titled Tuesday Blitz May 11 2021"]
[White "Gontcharov, Vladislav"]
[Black "Riehle, Marco"]
[WhiteFideId "4123492"]
[BlackFideId "12904392"]
[WhiteElo "2503"]
[BlackElo "2505"]
[Result "0-1"]
[Round "02"]
[TimeControl "180+1"]
[Date "2021.05.11"]
[WhiteClock "0:00:02"]
[BlackClock "0:00:21"]

1. Nf3 c5 2. e4 e6 3. d4 cxd4 4. Nxd4 Nf6 5. Bd3 Nc6 6. Nxc6 dxc6 7. O-O Bc5 8. Nd2 O-O 9. e5 Nd5 10. Ne4 Be7 11. Qh5 g6 12. Qh6 f5 13. exf6 Bxf6 14. Bg5 Bg7 15. Qxg7+ Kxg7 16. Bxd8 Rxd8 17. Rad1 e5 18. Rfe1 Bf5 19. Nc5 Bxd3 20. Ne6+ Kf6 21. Nxd8 Ba6 22. c4 Rxd8 23. cxd5 cxd5 24. f3 d4 25. Kf2 g5 26. Rc1 h5 27. Rc5 Re8 28. b3 Re6 29. Rc8 Re7 30. Rf8+ Ke6 31. Rh8 Rc7 32. Rh6+ Kf5 33. h4 Rc2+ 34. Kg3 d3 35. Rxh5 d2 36. Rxg5+ Kf6 37. Rexe5 Bd3 38. Re8 d1=Q 39. Rf8+ Ke7 40. Rf4 Qe1+ 41. Kh3 Qh1+ 42. Kg4 Rxg2+ 43. Kh5 Rxg5+ 0-1


[Site "https://www.chess.com"]

[Event "Titled Tuesday Blitz May 11 2021"]
[White "Gschnitzer, Adrian"]
[Black "Kobalia, Mikhail"]
[WhiteFideId "1270337"]
[BlackFideId "4119150"]
[WhiteElo "2294"]
[BlackElo "2569"]
[Result "0-1"]
[Round "02"]
[TimeControl "180+1"]
[Date "2021.05.11"]
[WhiteClock "0:00:35"]
[BlackClock "0:01:39"]

1. e4 c6 2. d4 d5 3. e5 Bf5 4. Nf3 e6 5. Be2 Ne7 6. O-O Bg6 7. Nbd2 Nd7 8. Re1 Nf5 9. Nf1 c5 10. c3 h5 11. Bd3 Be7 12. Ng3 Nxg3 13. Bxg6 fxg6 14. hxg3 O-O 15. Be3 Rc8 16. Qc2 Kh7 17. g4 hxg4 18. Nh2 cxd4 19. Bxd4 Bc5 20. Bxc5 Nxc5 21. Nxg4 Qh4 22. Nh2 Ne4 23. Nf3 Rxf3 24. gxf3 Ng5 25. Re3 Rf8 26. Qd3 Nh3+ 0-1


[Site "https://www.chess.com"]

[Event "Titled Tuesday Blitz May 11 2021"]
[White "Gunina, Valentina"]
[Black "AleksanderHnydiuk"]
[WhiteFideId "4167570"]
[WhiteElo "2399"]
[BlackElo "2538"]
[Result "1-0"]
[Round "02"]
[TimeControl "180+1"]
[Date "2021.05.11"]
[WhiteClock "0:01:33"]
[BlackClock "0:00:14"]

1. d4 Nf6 2. c4 e6 3. Nf3 d5 4. Nc3 c5 5. cxd5 Nxd5 6. e4 Nxc3 7. bxc3 cxd4 8. cxd4 Bb4+ 9. Bd2 Bxd2+ 10. Qxd2 O-O 11. Bc4 Nd7 12. O-O b6 13. Rfe1 Bb7 14. Rad1 Rc8 15. Bb3 h6 16. h3 Qc7 17. d5 exd5 18. exd5 Qc3 19. Qf4 Nc5 20. Re3 Qb2 21. Bc4 Qc2 22. Rd4 Qc1+ 23. Kh2 Rce8 24. Ne5 a6 25. Ng4 Rxe3 26. fxe3 Re8 27. d6 Ne6 28. Bxe6 fxe6 29. Nxh6+ gxh6 30. Qxh6 1-0


[Site "https://www.chess.com"]

[Event "Titled Tuesday Blitz May 11 2021"]
[White "Hebden, Mark L"]
[Black "Visakh N R"]
[WhiteFideId "400084"]
[BlackFideId "25012223"]
[WhiteElo "2457"]
[BlackElo "2428"]
[Result "0-1"]
[Round "02"]
[TimeControl "180+1"]
[Date "2021.05.11"]
[WhiteClock "0:00:01"]
[BlackClock "0:00:07"]

1. d4 Nf6 2. Nf3 e6 3. c3 b6 4. Bg5 Bb7 5. Nbd2 Be7 6. e3 O-O 7. Bd3 c5 8. e4 cxd4 9. cxd4 h6 10. Bxf6 Bxf6 11. O-O d6 12. Qe2 Nc6 13. Nb3 Nb4 14. Rfd1 Nxd3 15. Qxd3 Qd7 16. Qe3 Rfc8 17. Rd2 a5 18. Nc1 Qc6 19. Re2 Ba6 20. Nd3 Rc7 21. h3 Rac8 22. a3 Qb5 23. Rd1 Rc2 24. e5 Rxe2 25. Qxe2 Be7 26. Qe3 Qb3 27. Rd2 Rc2 28. Nf4 Qxb2 29. Rxc2 Qxc2 30. d5 dxe5 31. Nxe5 Bc5 32. Qg3 exd5 33. Nd7 Qc1+ 34. Kh2 Bd6 35. Nf6+ Kh8 36. N6xd5 Bxf4 37. Nxf4 Qc8 38. Qb3 Qc7 39. g3 Bc4 40. Qe3 Be6 41. Nxe6 fxe6 42. Qxe6 Qc5 43. Qe8+ Kh7 44. Qe4+ Kg8 45. Qe6+ Kf8 46. Qe2 Qxa3 47. Qe5 Qc5 48. Qf4+ Ke7 49. h4 Qd6 50. Qe4+ Kf7 51. Qc4+ Ke7 52. Qg8 Qf6 53. Kg1 Kd6 54. Qb8+ Kc5 55. Qc8+ Kb4 56. Qc2 a4 57. Qd2+ Qc3 58. Qd6+ Qc5 59. Qd2+ Kb5 60. Qd3+ Ka5 61. Qd2+ Ka6 62. Qd3+ Qb5 63. Qd8 Ka5 64. Qd2+ Qb4 65. Qd5+ Qc5 0-1


[Site "https://www.chess.com"]

[Event "Titled Tuesday Blitz May 11 2021"]
[White "Heinemann, Josefine"]
[Black "Belous, Vladimir"]
[WhiteFideId "12900460"]
[BlackFideId "4174003"]
[WhiteElo "2300"]
[BlackElo "2583"]
[Result "0-1"]
[Round "02"]
[TimeControl "180+1"]
[Date "2021.05.11"]
[WhiteClock "0:00:18"]
[BlackClock "0:01:21"]

1. d4 Nf6 2. c4 g6 3. Nc3 d5 4. cxd5 Nxd5 5. e4 Nxc3 6. bxc3 Bg7 7. Nf3 c5 8. Be2 O-O 9. O-O b6 10. h4 Bg4 11. e5 Nc6 12. Be3 Rc8 13. Qd2 cxd4 14. cxd4 Na5 15. Rac1 Qd5 16. Bh6 Bxh6 17. Qxh6 Bxf3 18. Bxf3 Qxd4 19. e6 fxe6 20. Rxc8 Rxc8 21. h5 Qf6 22. hxg6 hxg6 23. Rd1 Nc4 24. Re1 Ne5 25. Be4 Qxf2+ 26. Kxf2 Ng4+ 27. Kg3 Nxh6 28. Bxg6 Rc6 29. Rd1 Kg7 30. Be4 Rc3+ 31. Kf4 Kf6 32. Bf3 e5+ 33. Ke4 Nf7 34. Rd7 Ng5+ 35. Kd5 Rc5# 0-1


[Site "https://www.chess.com"]

[Event "Titled Tuesday Blitz May 11 2021"]
[White "Hjartarson, Johann"]
[Black "Martinez Alcantara, Jose Eduardo"]
[WhiteFideId "2300044"]
[BlackFideId "3805662"]
[WhiteElo "2502"]
[BlackElo "2690"]
[Result "0-1"]
[Round "02"]
[TimeControl "180+1"]
[Date "2021.05.11"]
[WhiteClock "0:00:11"]
[BlackClock "0:00:52"]

1. d4 Nf6 2. c4 e6 3. Nc3 Bb4 4. e3 O-O 5. Bd3 d5 6. Nf3 c5 7. O-O Nc6 8. cxd5 exd5 9. dxc5 Bxc5 10. b3 Bg4 11. Bb2 a6 12. Be2 Re8 13. Rc1 Ba7 14. Nd4 Bxd4 15. Bxg4 Be5 16. Bf3 Qd6 17. g3 Rad8 18. Bg2 h5 19. Qc2 d4 20. exd4 Nxd4 21. Qb1 b5 22. Rce1 Qc7 23. Ne4 Nxe4 24. Bxe4 g6 25. Bg2 Bf6 26. Rxe8+ Rxe8 27. Re1 Rxe1+ 28. Qxe1 Qc2 29. Qe8+ Kg7 30. Bd5 Qxb2 31. Qxf7+ Kh6 32. Be4 Nf5 33. Bxf5 Qc1+ 34. Kg2 Qc6+ 35. Kh3 gxf5 36. Qf8+ Kg6 37. f4 Qe6 38. a4 Qe2 39. Qg8+ Bg7 40. axb5 axb5 41. b4 h4 42. Qd5 Qf1+ 0-1


[Site "https://www.chess.com"]

[Event "Titled Tuesday Blitz May 11 2021"]
[White "Idani, Pouya"]
[Black "Grieve, Harry"]
[WhiteFideId "12510130"]
[BlackFideId "426520"]
[WhiteElo "2610"]
[BlackElo "2191"]
[Result "1-0"]
[Round "02"]
[TimeControl "180+1"]
[Date "2021.05.11"]
[WhiteClock "0:00:15"]
[BlackClock "0:00:06"]

1. e4 c5 2. Nf3 e6 3. d4 cxd4 4. Nxd4 Nc6 5. Nc3 Qc7 6. Be2 Nf6 7. Be3 a6 8. O-O Bb4 9. Nxc6 bxc6 10. Qd4 c5 11. Qc4 O-O 12. Bf3 d6 13. a3 Ba5 14. e5 d5 15. Qxc5 Nd7 16. Qd4 Bb6 17. Qf4 Bxe3 18. Qxe3 Nxe5 19. Rfe1 Nc4 20. Qd4 Bd7 21. Bxd5 exd5 22. Nxd5 Qb7 23. Ne7+ Kh8 24. Qxc4 Be6 25. Qb4 Qc7 26. Qh4 Rae8 27. Rxe6 fxe6 28. Ng6+ Kg8 29. Nxf8 Rxf8 30. Qe4 Re8 31. c3 Qb6 32. b4 Rd8 33. h3 g6 34. Re1 Rd6 35. c4 Qd4 36. Qxd4 Rxd4 37. Rxe6 Rxc4 38. Rxa6 Kf7 39. Ra7+ Kf6 40. Rxh7 Rc1+ 41. Kh2 Rc3 42. Ra7 Ke5 43. b5 Kf4 44. a4 Rb3 45. Rf7+ Kg5 46. Ra7 Rb4 47. Ra6 Kf5 48. b6 g5 49. a5 g4 50. hxg4+ Kxg4 51. Ra7 Rb5 52. b7 Rh5+ 53. Kg1 Rb5 54. a6 1-0


[Site "https://www.chess.com"]

[Event "Titled Tuesday Blitz May 11 2021"]
[White "Iskusnyh, Sergei"]
[Black "Keymer, Vincent"]
[WhiteFideId "4120027"]
[BlackFideId "12940690"]
[WhiteElo "2492"]
[BlackElo "2474"]
[Result "0-1"]
[Round "02"]
[TimeControl "180+1"]
[Date "2021.05.11"]
[WhiteClock "0:00:01"]
[BlackClock "0:00:03"]

1. d4 Nf6 2. c4 e6 3. g3 Bb4+ 4. Bd2 Be7 5. Bg2 d5 6. Nf3 O-O 7. O-O c6 8. Qc2 Nbd7 9. a3 b6 10. cxd5 cxd5 11. Bb4 a5 12. Bxe7 Qxe7 13. Nc3 Ba6 14. Rfc1 Rfc8 15. Qd1 h6 16. e3 b5 17. Bf1 b4 18. Nxd5 exd5 19. Bxa6 Rxc1 20. Qxc1 Nb6 21. Bb5 Rc8 22. Qe1 Ne4 23. axb4 axb4 24. Ne5 Rc2 25. Bd3 Rxb2 26. Qc1 Rb3 27. Qc6 Qf6 28. Bxe4 Qxc6 29. Nxc6 dxe4 30. Ra6 Nd5 31. Ra8+ Kh7 32. Rd8 Nc3 33. Rb8 Rb1+ 34. Kg2 b3 35. Ne5 b2 36. Nxf7 Na4 37. h4 h5 38. Ng5+ Kg6 39. Nxe4 Rd1 40. Nc3 Nxc3 41. Rxb2 Ra1 42. Rb6+ Kh7 43. Rc6 Ne4 44. Re6 Nf6 45. e4 Ra2 46. Kg1 Ra4 47. e5 Ng4 48. d5 Ra1+ 49. Kg2 Ra2 50. d6 Rxf2+ 51. Kg1 Rd2 52. Re7 Rd1+ 53. Kg2 Ne3+ 54. Kf2 Nf5 55. Kf3 Kg6 56. Re8 Rd3+ 57. Kf4 Rd4+ 58. Kf3 Kf7 59. Ra8 g6 60. Ra7+ Ke6 61. Ra8 Kxe5 62. Re8+ Kxd6 63. Rg8 Ne7 64. Rd8+ Ke5 0-1


[Site "https://www.chess.com"]

[Event "Titled Tuesday Blitz May 11 2021"]
[White "Ivanov, Mike"]
[Black "Kazakouski, Valery"]
[WhiteFideId "2613158"]
[BlackFideId "13507443"]
[WhiteElo "2197"]
[BlackElo "2546"]
[Result "0-1"]
[Round "02"]
[TimeControl "180+1"]
[Date "2021.05.11"]
[WhiteClock "0:00:14"]
[BlackClock "0:01:10"]

1. e4 c5 2. Nf3 a6 3. c3 d5 4. exd5 Qxd5 5. d4 Bg4 6. Be2 Nf6 7. Be3 cxd4 8. cxd4 e6 9. Nc3 Qd6 10. h3 Bh5 11. O-O Nc6 12. Qd2 Be7 13. Rfd1 Rd8 14. Bf4 Qd7 15. Na4 Bxf3 16. Bxf3 Nxd4 17. Nb6 Nxf3+ 18. gxf3 Qb5 19. Qe3 Rxd1+ 20. Rxd1 Bc5 21. Qe5 O-O 22. b4 Bxb6 0-1


[Site "https://www.chess.com"]

[Event "Titled Tuesday Blitz May 11 2021"]
[White "Jacobson, Brandon"]
[Black "Montoliu Cervero, Francisco"]
[WhiteFideId "30901561"]
[BlackFideId "2214814"]
[WhiteElo "2362"]
[BlackElo "2301"]
[Result "1-0"]
[Round "02"]
[TimeControl "180+1"]
[Date "2021.05.11"]
[WhiteClock "0:01:25"]
[BlackClock "0:01:20"]

1. d4 d5 2. c4 c6 3. cxd5 cxd5 4. Nc3 Nf6 5. Bf4 Nc6 6. e3 a6 7. Be2 Bf5 8. Nf3 Rc8 9. O-O e6 10. Qb3 Na5 11. Qa4+ Nd7 12. Ne5 Nc6 13. Rfc1 Ncxe5 14. Bxe5 f6 15. Bg3 Be7 16. Qb3 b5 17. a4 b4 18. Nd1 O-O 19. Bxa6 Rxc1 20. Rxc1 Qa5 21. Bb5 Nb6 22. Rc6 Rc8 23. Bc7 Bd8 24. Bxb6 Rxc6 25. Bxa5 Rc1 26. Bxd8 Rxd1+ 27. Qxd1 1-0


[Site "https://www.chess.com"]

[Event "Titled Tuesday Blitz May 11 2021"]
[White "Jones, Gawain C B"]
[Black "Erdogdu, Mert"]
[WhiteFideId "409561"]
[BlackFideId "6301495"]
[WhiteElo "2657"]
[BlackElo "2485"]
[Result "0-1"]
[Round "02"]
[TimeControl "180+1"]
[Date "2021.05.11"]
[WhiteClock "0:00:03"]
[BlackClock "0:00:11"]

1. Nf3 d5 2. b3 e6 3. Bb2 c5 4. e3 Nf6 5. c4 Be7 6. g3 O-O 7. Bg2 b6 8. cxd5 Nxd5 9. d4 Ba6 10. a3 Nd7 11. Nc3 Nxc3 12. Bxc3 Rc8 13. d5 exd5 14. Qxd5 Bf6 15. Qd2 Qe7 16. Bf1 Bxf1 17. Kxf1 Rfd8 18. Kg2 Qe4 19. Bxf6 Nxf6 20. Qe2 Rd3 21. Rhb1 Rcd8 22. Kg1 Qd5 23. Ne1 Rd2 24. Qf3 Ne4 25. Qh1 Nxf2 26. Qxd5 Nh3+ 27. Kh1 R8xd5 28. Nf3 Re2 29. Re1 Rxe1+ 30. Rxe1 Nf2+ 31. Kg2 Ne4 32. b4 Rd3 33. bxc5 Nxc5 34. Ne5 Rxa3 35. Rd1 g6 36. Kf3 Kf8 37. Rd8+ Ke7 38. Rh8 h5 39. Rh7 Ke6 40. Nxf7 Ra2 41. g4 hxg4+ 42. Kxg4 Ne4 43. Nd8+ Kd6 44. Rg7 Nf6+ 45. Kg5 Ne4+ 46. Kf4 Nc5 47. Rxg6+ Kd7 48. Rg8 Rxh2 49. Ke5 Rh5+ 50. Kf6 Rh4 51. Nf7 Re4 52. Ne5+ Kc7 53. Rg7+ Kd6 54. Nf7+ Kc6 55. Ne5+ Kb5 56. Rxa7 Rxe3 57. Ra1 Re2 58. Rb1+ Ka6 59. Kf5 Na4 60. Nc6 b5 61. Kf4 Re6 62. Nb4+ Ka5 63. Nd5 Rc6 64. Ke5 Rc4 65. Rh1 Rc5 66. Rh8 Nb6 67. Kd4 Rxd5+ 68. Kc3 Rd7 69. Kb3 Ka6 70. Rh6 Rd4 71. Kc3 Rc4+ 72. Kb3 Ka5 73. Rh7 Na4 74. Ra7+ Kb6 75. Rh7 Nc5+ 76. Kb2 b4 77. Rh8 Kb5 78. Rb8+ Ka5 79. Ra8+ Na6 80. Kb3 Rc6 81. Kb2 Kb5 82. Kb3 Rc3+ 83. Kb2 Nc5 84. Rh8 Na4+ 85. Kb1 Re3 86. Rh5+ Kc4 87. Rh2 Kb3 88. Kc1 Re1+ 89. Kd2 Rb1 90. Rh3+ Nc3 91. Rh4 Rd1+ 92. Ke3 Rd7 93. Rh8 Kc2 94. Rh2+ Kb3 95. Rh4 Ka3 96. Rh8 b3 97. Ra8+ Na4 98. Rb8 b2 99. Ke2 b1=Q 100. Rxb1 Nc3+ 101. Ke3 Nxb1 0-1


[Site "https://www.chess.com"]

[Event "Titled Tuesday Blitz May 11 2021"]
[White "Karttunen, Mika"]
[Black "Dang, Hoang Son"]
[WhiteFideId "502081"]
[BlackFideId "12402435"]
[WhiteElo "2343"]
[BlackElo "2248"]
[Result "0-1"]
[Round "02"]
[TimeControl "180+1"]
[Date "2021.05.11"]
[WhiteClock "0:00:01"]
[BlackClock "0:00:03"]

1. e4 g6 2. d4 Bg7 3. Be3 d6 4. f3 Nf6 5. c4 O-O 6. Nc3 c5 7. d5 Nbd7 8. Nge2 Ne5 9. Ng3 h5 10. Be2 h4 11. Nf1 e6 12. Nd2 exd5 13. cxd5 a6 14. a4 Bd7 15. O-O Re8 16. Rb1 Rb8 17. b4 c4 18. Qc2 b5 19. axb5 axb5 20. Ra1 Nh5 21. Ra6 Bc8 22. Ra7 Bh6 23. Bd4 Nf4 24. Kh1 Qg5 25. Rf2 Ned3 26. Bxd3 Nxd3 27. Re2 Bg7 28. Be3 Qe5 29. Ndb1 h3 30. g3 Re7 31. Rxe7 Qxe7 32. Qa2 Bb7 33. Qa7 Ra8 34. Qb6 Ra1 35. Ra2 Bxc3 36. Rxa1 Bxa1 37. Qxb5 Ne5 38. Na3 c3 39. f4 Ng4 40. Qd3 Ba6 41. b5 Bb7 42. Nc2 Bb2 43. Bd4 f5 44. e5 Bxd5+ 45. Kg1 dxe5 46. fxe5 Qb7 47. b6 Be6 48. Qe2 Kh7 49. Be3 Qe4 50. b7 Bd5 0-1


[Site "https://www.chess.com"]

[Event "Titled Tuesday Blitz May 11 2021"]
[White "Khumalo, Keith"]
[Black "Jobava, Baadur"]
[WhiteFideId "14319470"]
[BlackFideId "13601520"]
[WhiteElo "1992"]
[BlackElo "2748"]
[Result "0-1"]
[Round "02"]
[TimeControl "180+1"]
[Date "2021.05.11"]
[WhiteClock "0:01:08"]
[BlackClock "0:00:08"]

1. d4 d5 2. c4 c6 3. Nf3 Nf6 4. Qc2 Na6 5. a3 Nc7 6. g3 g6 7. Bg2 Bg7 8. O-O O-O 9. Bf4 dxc4 10. Qxc4 Be6 11. Qc2 Ncd5 12. Be5 Bf5 13. Qb3 Qb6 14. Nbd2 Rfd8 15. Nh4 Be6 16. Qc2 Qa6 17. e4 Nb6 18. Rfe1 Rac8 19. Bf1 Qa5 20. Nhf3 Nbd7 21. b4 Qb6 22. Bf4 a6 23. h3 Qa7 24. Be3 Qb8 25. Ng5 Nf8 26. Rac1 h6 27. Ngf3 g5 28. Ne5 N6d7 29. Nec4 Ng6 30. Qd1 Ndf8 31. e5 Bxc4 32. Bxc4 e6 33. Qh5 Rd7 34. Ne4 Rcd8 35. Rcd1 Qc7 36. Nf6+ Bxf6 37. exf6 Nh7 38. Qxh6 Nxf6 39. Qxg5 Nd5 40. Bd3 Nxe3 41. fxe3 Rd5 42. Qg4 Kg7 43. Kg2 f5 44. Qf3 a5 45. Bc4 R5d6 46. h4 axb4 47. h5 Ne7 48. Qf4 bxa3 49. Qg5+ Kf7 50. e4 Rg8 51. Qh6 Rxd4 52. e5 Rxc4 53. Rd6 Rc2+ 54. Kh3 Rc3 55. Qxe6+ Ke8 56. Rg1 f4 57. h6 Rcxg3+ 58. Rxg3 Rxg3+ 59. Kh4 Kf8 60. Rd7 Ng6+ 61. Kh5 Qxe5+ 62. Qxe5 Nxe5 63. Rxb7 Nf7 64. Rb8+ Ke7 65. Rb7+ Ke6 66. h7 Rh3+ 67. Kg6 a2 68. Ra7 Rg3+ 69. Kh5 Rg2 70. Ra6 Kd6 71. Ra7 f3 72. Ra3 f2 73. Rd3+ Kc7 74. Rf3 a1=Q 75. Rxf7+ Kb6 76. Rf3 Qh1+ 0-1


[Site "https://www.chess.com"]

[Event "Titled Tuesday Blitz May 11 2021"]
[White "Kollars, Dmitrij"]
[Black "Ranindu2003"]
[WhiteFideId "12909572"]
[WhiteElo "2576"]
[BlackElo "2604"]
[Result "1-0"]
[Round "02"]
[TimeControl "180+1"]
[Date "2021.05.11"]
[WhiteClock "0:00:25"]
[BlackClock "0:00:04"]

1. Nf3 Nf6 2. d4 e6 3. Bg5 d5 4. Nbd2 Be7 5. e3 b6 6. c3 Bb7 7. Bd3 O-O 8. Ne5 Ne4 9. Bxe7 Qxe7 10. O-O Nd7 11. Ndf3 f6 12. Nxd7 Qxd7 13. c4 Rad8 14. Qc2 c5 15. cxd5 exd5 16. Rfd1 Qe7 17. dxc5 bxc5 18. Rac1 Rc8 19. Qa4 Bc6 20. Qa3 Rfd8 21. Nd4 Be8 22. Bxe4 dxe4 23. Nb3 Rxd1+ 24. Rxd1 Bf7 25. h3 Kf8 26. Rc1 c4 27. Qa5 Qb7 28. Qa3+ Qe7 29. Qa6 Qe6 30. Qxe6 Bxe6 31. Nd4 Bd5 32. Kf1 a6 33. Ke2 g6 34. Rc2 Ke7 35. Kd2 Kd6 36. Rc3 f5 37. Ra3 Bb7 38. Kc3 Rc5 39. Ra4 h5 40. h4 a5 41. Rxc4 Rxc4+ 42. Kxc4 Bd5+ 43. Kb5 Bxa2 44. g3 Kd5 45. Kxa5 Bc4 46. Kb4 Bd3 47. Kc3 Ba6 48. Nc2 Bf1 49. b3 Kc5 50. Nd4 Bd3 51. Ne6+ Kd6 52. Nf4 1-0


[Site "https://www.chess.com"]

[Event "Titled Tuesday Blitz May 11 2021"]
[White "Korchmar, Vasiliy"]
[Black "Tari, Aryan"]
[WhiteFideId "24131750"]
[BlackFideId "1510045"]
[WhiteElo "2370"]
[BlackElo "2656"]
[Result "1/2-1/2"]
[Round "02"]
[TimeControl "180+1"]
[Date "2021.05.11"]
[WhiteClock "0:00:05"]
[BlackClock "0:00:09"]

1. d4 d5 2. Nf3 Nf6 3. Bf4 Bf5 4. e3 e6 5. Nbd2 Bd6 6. Ne5 O-O 7. Be2 Qe7 8. g4 Be4 9. f3 Bg6 10. h4 h5 11. g5 Nfd7 12. Nxg6 fxg6 13. Bxd6 cxd6 14. Bd3 Qf7 15. Qe2 Nc6 16. a3 e5 17. dxe5 Ndxe5 18. O-O-O d4 19. e4 Rac8 20. Kb1 Kh7 21. Rdf1 Qf4 22. Bc4 Nxc4 23. Nxc4 b5 24. Nd2 b4 25. a4 Ne5 26. Nb3 Nc4 27. Rf2 Qe5 28. Rd1 Nxb2 29. Rxd4 Nxa4 30. Qa6 Nc3+ 31. Kc1 Qg3 32. Rf1 Rxf3 33. Rxf3 Qxf3 34. Qxc8 Qf1+ 35. Kd2 Nb1+ 36. Ke3 Qe1+ 37. Kf3 Qf1+ 38. Kg3 Qg1+ 39. Kf3 Qf1+ 40. Kg3 Qg1+ 41. Kf3 Qf1+ 1/2-1/2


[Site "https://www.chess.com"]